 Dungeon Crawl Stone Soup version 0.21.0-3-g78d12a8 (webtiles) character file.

157 tidbits the Sneak (level 5, -3/36 HPs)
             Began as an Octopode Abyssal Knight on Jan 9, 2018.
             Was a Believer of Lugonu.
             Slain by an orc
             ... wielding a +0 war axe
              (10 damage)
             ... on level 3 of the Dungeon.
             The game lasted 00:14:30 (1528 turns).

tidbits the Sneak (Octopode Abyssal Knight)         Turns: 1528, Time: 00:14:30

Health: -3/36      AC:  1    Str: 11    XL:     5   Next: 38%
Magic:  7/7        EV: 13    Int: 14    God:    Lugonu [**....]
Gold:   85         SH:  0    Dex: 13    Spells: 4/4 levels left

rFire    . . .     SeeInvis .   d - +0 dagger (flame)
rCold    . . .     Gourm    .   (no shield)
rNeg     . . .     Faith    .   (helmet restricted)
rPois    .         Spirit   .   (no amulet)
rElec    .         Reflect  .   (no ring)
rCorr    .         Harm     .   (no ring)
MR       .....                  (no ring)
Stlth    ++++......             (no ring)
HPRegen  0.12/turn              (no ring)
MPRegen  0.10/turn              (no ring)
                                (no ring)
                                (no ring)

@: slowed, very slow
A: almost no armour, stealthy swim, amphibious, 8 rings, constrict 8, camouflage
1, gelatinous body 1
a: Depart the Abyss, Bend Space, Renounce Religion


You were on level 3 of the Dungeon.
You worshipped Lugonu.
Lugonu was pleased with you.
You were not hungry.

You visited 1 branch of the dungeon, and saw 4 of its levels.
You visited the Abyss 1 time.

You collected 85 gold pieces.

Inventory:

Hand Weapons
 b - a +0 hunting sling
 d - a +0 dagger of flaming (weapon)
   (You took it off a kobold on level 1 of the Dungeon)
 f - a +0 mace
 g - a +0 dagger
 o - a cursed -2 war axe
 p - a +0 flail
 q - a +0 trident
Missiles
 e - 7 needles of confusion
 h - 17 stones
 r - 3 javelins (quivered)
Scrolls
 c - 2 scrolls of blinking
 j - a scroll of teleportation {unknown}
 k - 2 scrolls of remove curse {unknown}
 m - a scroll of magic mapping {unknown}
 n - a scroll of fog {unknown}
Comestibles
 a - 5 rations


   Skills:
 + Level 3.2 Fighting
 - Level 2.3 Dodging
 + Level 5.7 Stealth
 - Level 2.0 Unarmed Combat
 + Level 3.4 Invocations


You had 4 spell levels left.
You didn't know any spells.

Dungeon Overview and Level Annotations

Branches:
Dungeon (4/15)
 Temple: D:4-7

Altars:
Ashenzari
Trog
Yredelemnul

Annotations:
D:2 1 runed door
D:4 Eustachio


Innate Abilities, Weirdness & Mutations

You cannot wear most types of armour.
You are very stealthy in the water. (Stealth+)
You are amphibious.
You can wear up to eight rings at the same time.
You can use your tentacles to constrict eight enemies at once.
Your skin changes colour to match your surroundings (Stealth+).
Your rubbery body absorbs attacks. (AC +1, EV +1)


Message History

There is a stone staircase leading down here.
You climb downwards.
There is a stone staircase leading up here.
You see here a stone.
h - 16 stones (gained 1)
You see here a stone.
h - 17 stones (gained 1)
You see here a javelin.
r - 4 javelins (gained 1)
The bat hits you. The bat hits you. The bat hits you but does no damage.
The bat hits you but does no damage. The bat completely misses you.
The bat closely misses you. The bat barely misses you.
The bat closely misses you.
The orc shouts!
The bat barely misses you.
The orc wizard mumbles some strange words.
The orc wizard seems to speed up.
The orc shouts!
The bat misses you.
You completely miss the bat. You grab the bat. You constrict the bat.
The bat misses you.
The bat struggles to escape constriction.
The orc barely misses you. The bat closely misses you.
You closely miss the orc. You grab the orc. You constrict the bat.
You constrict the orc. The bat barely misses you.
The orc hits you with a hand axe!
* * * LOW HITPOINT WARNING * * *
The bat misses you.
You hit the orc but do no damage. You squeeze the orc.
You kill the orc!
Lugonu accepts your kill.
You constrict the bat.
You kill the bat!
Lugonu accepts your kill.
You see here a bat corpse.
The orc wizard gestures at you while chanting.
The magic dart hits you!
* * * LOW HITPOINT WARNING * * *
Okay, then.
You aren't carrying any items that you can evoke without wielding.
Unknown command.
Throwing (i - inventory. (,) - cycle):
r - 4 javelins (quivered)
Press: ? - help, Shift-Dir - straight line, f - orc wizard
Aim: an orc wizard, wielding a mace and wearing a robe (fast)
You throw a javelin. The javelin hits the orc wizard.
The orc wizard is lightly wounded.
The orc wizard points at you and mumbles some strange words.
You feel yourself slow down.
You feel much better.
The orc wizard casts a spell.
The orc wizard blinks!
The orc wizard hits you with a mace.
You barely miss the orc wizard. You grab the orc wizard.
The orc wizard is lightly wounded.
You constrict the orc wizard. The orc wizard hits you with a mace!
The orc wizard closely misses you.
You hit the orc wizard but do no damage.
You squeeze the orc wizard.
The orc wizard is heavily wounded.
You constrict the orc wizard. The orc wizard casts a spell at you.
You feel as though you will be slow longer.
The orc wizard closely misses you.
You hit the orc wizard but do no damage.
The orc wizard is severely wounded.
You constrict the orc wizard. The orc wizard hits you with a mace!
* * * LOW HITPOINT WARNING * * *
The orc wizard hits you with a mace!
* * * LOW HITPOINT WARNING * * *
You hit the orc wizard but do no damage.
The orc wizard is almost dead.
You constrict the orc wizard.
You kill the orc wizard!
Lugonu accepts your kill.
You feel your dexterity returning.
You feel better. The orc hits you with a hand axe. The orc misses you.
You barely miss the orc. Your grab misses the orc. The orc barely misses you.
You hit the orc. You burn the orc. Your grab misses the orc.
The orc is severely wounded.
The orc misses you.
You completely miss the orc. Your grab misses the orc.
Your squeeze misses the orc.
The orc is severely wounded.
The orc misses you. The orc hits you with a hand axe.
* * * LOW HITPOINT WARNING * * *
You hit the orc. You burn the orc.
You kill the orc!
Lugonu accepts your kill.
You hit the orc. You burn the orc. Your grab misses the orc.
The orc is moderately wounded.
The orc barely misses you.
You hit the orc but do no damage. You grab the orc.
The orc is moderately wounded.
You constrict the orc. The orc hits you with a war axe!
* * * LOW HITPOINT WARNING * * *
The orc hits you with a war axe!
You die...

......................#
......................#
.........>............#
......................#
#.....................#
#...................###
#.#............... #.#
#..........# #@#
#...o....).## #o#
#...o........ #(#
#.oo.......##
#.####..........†.
#†#...........####
###.#....######## #
#...).#### # #...###
###.#


You could see an orc.

Vanquished Creatures
  An orc wizard (D:3)
  Robin (D:2)
  A gnoll (D:3)
  3 adders
  2 oozes
  3 dart slugs
  A leopard gecko (D:1)
  5 orcs (D:3)
  13 goblins
  8 hobgoblins
  2 jackals (D:3)
  A quokka (D:2)
  A ball python (D:1)
  5 bats
  2 frilled lizards (D:3)
  3 kobolds
  6 rats
58 creatures vanquished.

Notes
Turn   | Place    | Note
-------+----------+-------------------------------------------
     0 | Abyss:1  | tidbits the Octopode Abyssal Knight began the quest for the Orb.
     0 | Abyss:1  | Reached XP level 1. HP: 16/16 MP: 2/2
     9 | D:1      | Escaped the Abyss
   135 | D:2      | Reached skill level 1 in Stealth
   152 | D:2      | Reached skill level 2 in Stealth
   154 | D:2      | Reached XP level 2. HP: 20/21 MP: 3/3
   155 | D:2      | Noticed Robin
   295 | D:1      | Reached skill level 3 in Stealth
   379 | D:2      | Reached XP level 3. HP: 20/26 MP: 4/4
   420 | D:3      | Reached ** piety under Lugonu
   420 | D:3      | Reached skill level 4 in Stealth
   505 | D:2      | Killed Robin
   505 | D:2      | Reached XP level 4. HP: 11/31 MP: 5/5
   736 | D:2      | Found a basalt altar of Yredelemnul.
   741 | D:2      | Found a bloodstained altar of Trog.
   741 | D:2      | Found a shattered altar of Ashenzari.
   789 | D:2      | Found a runed door.
   827 | D:2      | Reached skill level 5 in Stealth
  1177 | D:4      | Noticed Eustachio
  1200 | D:3      | Reached skill level 3 in Invocations
  1407 | D:3      | Reached XP level 5. HP: 24/36 MP: 7/7
  1528 | D:3      | Slain by an orc

Skill      XL: |  1  2  3  4 |
---------------+-------------+-----
Stealth        | 2 3 4 5 |  5.7
Invocations    | 3 |  3.4
Fighting       | |  3.2
Dodging        | |  2.3
Unarmed Combat | |  2.0

Action                   |  1- 3 |  4- 6 || total
-------------------------+-------+-------++-------
Melee: Unarmed           |    15 |     2 ||    17
       Constrict         |    16 |    14 ||    30
       Tentacles         |     9 |     9 ||    18
       Dagger            |    51 |    62 ||   113
 Fire: Hunting sling     |       |    16 ||    16
Throw: Javelin           |       |     7 ||     7
       Stone             |       |     1 ||     1
  Use: Potion            |     6 |     2 ||     8
       Scroll            |       |     2 ||     2
 Stab: Sleeping          |     8 |     1 ||     9
  Eat: Chunk             |       |     2 ||     2
Armor: Skin              |     2 |     5 ||     7
Dodge: Dodged            |    47 |    44 ||    91

Table legend:
 A = Turns spent in this place as a percentage of turns spent in the entire game.
 B = Non-inter-level travel turns spent in this place as a percentage of non-inter-level travel turns spent in the entire game.
 C = Inter-level travel turns spent in this place as a percentage of turns spent in this place.
 D = Turns resting spent in this place as a percentage of non-inter-level travel turns spent in this place.
 E = Turns spent auto-exploring this place as a percentage of non-inter-level travel turns spent in this place.
 F = Non-inter-level travel turns spent in this place divided by the number of levels of this place that you've seen.
                   A       B       C       D       E      F
               +-------+-------+-------+-------+-------+----------------------
         Total | 100.0 | 100.0 |   8.9 |   0.0 |   0.0 | 278.4
       Dungeon |  99.4 |  99.4 |   9.0 |   0.0 |   0.0 | 345.8
         Abyss |   0.6 |   0.6 |   0.0 |   0.0 |   0.0 |   9.0
               +-------+-------+-------+-------+-------+----------------------

Table legend:
 A = Kills in this place as a percentage of kills in entire the game.
 B = Kills by you in this place as a percentage of kills by you in the entire game.
 C = Kills by friends in this place as a percentage of kills by friends in the entire game.
 D = Other kills in this place as a percentage of other kills in the entire game.
 E = Experience gained in this place as a percentage of experience gained in the entire game.
 F = Experience gained in this place divided by the number of levels of this place that you have seen.
                   A       B       C       D       E      F
               +-------+-------+-------+-------+-------+----------------------
         Total | 100.0 | 100.0 |   N/A |   N/A | 100.0 |  45.0
       Dungeon | 100.0 | 100.0 |   N/A |   N/A | 100.0 |  56.2
               +-------+-------+-------+-------+-------+----------------------

Vault maps used:
D:1:      dpeg_arrival_yet_another_circle, serial_curves, eino_curves_04,
          eino_curves_04, eino_curves_04
D:2:      minitemple, serial_bayou_ford_a, uniq_crazy_yiuf_cottage, uniq_robin
D:3:      first_ration
D:4:      minmay_close_crescents, uniq_blork_the_orc, uniq_eustachio
